 Dungeon Sprint DCSS version 0.17.0-18-gaab0e96 (webtiles) character file.

408 hexophile the Covert (level 6, 0/56 HPs)
             Began as a Ghoul Monk on Nov 11, 2015.
             Was a Believer of Cheibriados.
             Slain by a human (1 damage)
             ... in the Dungeon (Sprint III: "The Ten Rune Challenge").
             The game lasted 00:02:33 (547 turns).

hexophile the Covert (Ghoul Monk)                    Turns: 547, Time: 00:02:34

Health: 0/56       AC:  3    Str: 20    XL:     6   Next: 88%
Magic:  1/8        EV: 13    Int: 11    God:    Cheibriados [**....]
Gold:   35         SH:  0    Dex: 17    Spells: 1 memorised, 1 level left

rFire  . . .     SeeInvis .       - Unarmed
rCold  + . .     Clarity  .     a - +1 robe
rNeg   + + +     SustAt   .     (no shield)
rPois  ∞         Gourm    .     (no helmet)
rElec  .         Spirit   .     (no cloak)
rCorr  .         Warding  .     (no gloves)
rMut   .         NoTele   +     (no boots)
MR     .....                    (no amulet)
Stlth  +++++.....               (no ring)
                                (no ring)

@: rotting, very slow, not resistant to hostile enchantments, quite stealthy
A: rotting body, claws 1, carnivore 3, cold resistance 1, negative energy
resistance 3, slow regeneration 1, torment resistance, unbreathing
a: Bend Time, Renounce Religion


You were in the Dungeon.
You worshipped Cheibriados.
Cheibriados was pleased with you.
You were not hungry.

You visited 1 branch You collected 35 gold pieces.


Innate Abilities, Weirdness & Mutations

Your body is rotting away.
You thrive on raw meat.
You are immune to poison.
You have sharp fingernails.
You are carnivorous and can eat meat at any time.
Your flesh is cold resistant.
You are immune to negative energy.
You regenerate slowly when monsters are visible.
You are immune to unholy pain and torment.
You can survive without breathing.

Inventory:

Armour
 a - a +1 robe (worn)
Scrolls
 h - a scroll of blinking
 j - a scroll of immolation
 k - a scroll of identify {unknown}
 l - 2 scrolls of enchant armour
 p - a scroll of magic mapping {unknown}
 q - 2 scrolls of remove curse
Potions
 f - 2 potions of magic
 g - a potion of berserk rage
 i - 2 potions of mutation {unknown}
 n - 2 potions of might {unknown}
 o - 3 potions of flight
 r - a potion of cure mutation {unknown}
Books
 c - a book of the Tempests

   Spells                             Type                      Level
   a - Static Discharge               Conjuration/Air              3
   b - Lightning Bolt                 Conjuration/Air              5
   c - Fireball                       Conjuration/Fire             5
   d - Tornado                        Air                          9
   e - Shatter                        Earth                        9
 e - a book of Envenomations

   Spells                             Type                      Level
   a - Spider Form                    Transmutation/Poison         3
   b - Alistair's Intoxication        Transmutation/Poison         4
   c - Olgreb's Toxic Radiance        Poison                       4
   d - Poisonous Cloud                Conjuration/Poison/Air       6
Comestibles
 b - a meat ration
 d - 5 chunks of flesh
 m - 7 fruits


You had one spell level left.
You knew the following spells:

 Your Spells              Type           Power        Failure   Level  Hunger
a - Olgreb's Toxic Radia  Pois           #.......     100%        4    #####..


   Skills:
 * Level 5.6 Fighting
 - Level 2.6 Dodging
 * Level 11.0 Stealth
 * Level 10.8 Unarmed Combat
 * Level 4.3 Invocations

Dungeon Overview and Level Annotations

Branches:
Dungeon (1/1)

Altars:
Cheibriados
Fedhas
Kikubaaqudgha
Okawaru
Sif Muna
Trog
Vehumet
Yredelemnul

Vault maps used:
D:        dungeon_sprint_mu
You       could see a human.


Message History

The human hits you!
* * * LOW HITPOINT WARNING * * *
You lost 7 HP.
You have now: 17/52 HP.
You barely miss the human.
The human is heavily wounded.
The human hits you but does no damage. The flow of time bends around you.
Cheibriados rebukes the human.
The human seems to slow down.
You feel slightly more hungry. The human closely misses you.
Okay, then.
Unknown command.
You claw the human!
The human is severely wounded.
The human hits you!
* * * LOW HITPOINT WARNING * * *
You lost 10 HP.
You have now: 7/52 HP.
You claw the human!
The human is almost dead.
The human hits you.
* * * LOW HITPOINT WARNING * * *
You lost 6 HP.
You have now: 1/52 HP.
Unknown command.
Drink which item? (? for menu, Esc to quit)
Okay, then.
Unknown command.
You claw the human!
You kill the human!
Cheibriados appreciates the change of pace.
Your Fighting skill gained 2 levels and is now at level 5!
Your Stealth skill increases to level 11!
Your Invocations skill gained 3 levels and is now at level 4!
You got additional 4 HP.
Unknown command.
The flow of time bends around you.
Cheibriados rebukes the human.
The human seems to slow down.
* * * LOW MAGIC WARNING * * *
You feel slightly more hungry.
Unknown command.
You claw the human! You claw the human.
The human is heavily wounded.
The human hits you.
* * * LOW HITPOINT WARNING * * *
You lost 1 HP.
You have now: 1/56 HP.
Unknown command.
You claw the human!
The human is severely wounded.
The human hits you.
You die...

Action                   |  1- 3 |  4- 6 || total
-------------------------+-------+-------++-------
Melee: Unarmed           |    46 |    33 ||    79
Invok: Bend Time         |       |     2 ||     2
  Use: Potion            |     2 |     2 ||     4
       Scroll            |     2 |       ||     2
 Stab: Sleeping          |     4 |     1 ||     5
  Eat: Chunk             |     2 |     2 ||     4

Notes
Turn   | Place    | Note
--------------------------------------------------------------
     0 | D        | hexophile the Ghoul Monk began the quest for the Orb.
     0 | D        | Reached XP level 1. HP: 19/19 MP: 0/0
    12 | D        | Reached skill level 3 in Stealth
    12 | D        | Reached skill level 5 in Unarmed Combat
    17 | D        | Reached skill level 4 in Stealth
    17 | D        | Reached XP level 2. HP: 24/26 MP: 1/1
    77 | D        | Reached skill level 5 in Stealth
    77 | D        | Reached skill level 6 in Unarmed Combat
    77 | D        | Reached XP level 3. HP: 15/31 MP: 2/2
   128 | D        | Noticed a water elemental
   140 | D        | Killed a water elemental
   140 | D        | Reached skill level 7 in Stealth
   140 | D        | Reached skill level 8 in Unarmed Combat
   140 | D        | Reached XP level 4. HP: 19/38 MP: 3/3
   217 | D        | Found a basalt altar of Yredelemnul.
   217 | D        | Found a snail-covered altar of Cheibriados.
   217 | D        | Found a blossoming altar of Fedhas.
   217 | D        | Noticed a necrophage
   217 | D        | Noticed a necromancer
   223 | D        | Killed a white draconian scorcher
   223 | D        | Killed a white draconian scorcher
   229 | D        | Killed a necromancer
   229 | D        | Reached skill level 8 in Stealth
   229 | D        | Reached XP level 5. HP: 4/45 MP: 4/4
   466 | D        | Killed a necrophage
   466 | D        | Reached skill level 10 in Stealth
   466 | D        | Reached skill level 9 in Unarmed Combat
   473 | D        | Became a worshipper of Cheibriados the Contemplative
   473 | D        | Reached * piety under Cheibriados
   473 | D        | Reached ** piety under Cheibriados
   485 | D        | Found a radiant altar of Vehumet.
   485 | D        | Found a deep blue altar of Sif Muna.
   485 | D        | Found an ancient bone altar of Kikubaaqudgha.
   485 | D        | Noticed a wizard
   488 | D        | Killed a wizard
   488 | D        | Reached skill level 10 in Unarmed Combat
   488 | D        | Reached skill level 1 in Invocations
   488 | D        | Reached XP level 6. HP: 30/51 MP: 5/5
   491 | D        | Noticed a sixfirhy
   491 | D        | Killed a yaktaur
   492 | D        | Noticed a blue devil
   516 | D        | Learned a level 4 spell: Olgreb's Toxic Radiance
   525 | D        | Found an iron altar of Okawaru.
   525 | D        | Found a bloodstained altar of Trog.
   525 | D        | Noticed a human
   526 | D        | Noticed a human
   541 | D        | HP: 1/52 [human (6)]
   543 | D        | Killed a human
   543 | D        | Reached skill level 5 in Fighting
   543 | D        | Reached skill level 11 in Stealth
   543 | D        | Reached skill level 4 in Invocations
   546 | D        | HP: 1/56 [human (1)]
   547 | D        | Slain by a human

Table legend:
 A = Turns spent in this place as a percentage of turns spent in the entire game.
 B = Non-inter-level travel turns spent in this place as a percentage of non-inter-level travel turns spent in the entire game.
 C = Inter-level travel turns spent in this place as a percentage of turns spent in this place.
 D = Turns resting spent in this place as a percentage of non-inter-level travel turns spent in this place.
 E = Turns spent auto-exploring this place as a percentage of non-inter-level travel turns spent in this place.
 F = Non-inter-level travel turns spent in this place divided by the number of levels of this place that you've seen.
                   A       B       C       D       E      F
               +-------+-------+-------+-------+-------+----------------------
         Total | 100.0 | 100.0 |   0.0 |   2.5 |   0.3 | 322.0
       Dungeon | 100.0 | 100.0 |   0.0 |   2.5 |   0.3 | 322.0
               +-------+-------+-------+-------+-------+----------------------

Table legend:
 A = Kills in this place as a percentage of kills in entire the game.
 B = Kills by you in this place as a percentage of kills by you in the entire game.
 C = Kills by friends in this place as a percentage of kills by friends in the entire game.
 D = Other kills in this place as a percentage of other kills in the entire game.
 E = Experience gained in this place as a percentage of experience gained in the entire game.
 F = Experience gained in this place divided by the number of levels of this place that you have seen.
                   A       B       C       D       E      F
               +-------+-------+-------+-------+-------+----------------------
         Total | 100.0 | 100.0 |  -nan |  -nan | 100.0 | 583.0
       Dungeon | 100.0 | 100.0 |  -nan |  -nan | 100.0 | 583.0
               +-------+-------+-------+-------+-------+----------------------

Vanquished Creatures
  A necrophage (D)
  A water elemental (D)
  A necromancer (D)
  A wizard (D)
  A kobold demonologist (D)
  2 humans (D)
  2 oozes (D)
  A phantom (D)
  2 rats (D)
12 creatures vanquished.

Vanquished Creatures (others)
  2 draconian scorchers (D)
  A yaktaur (D)
3 creatures vanquished.

Grand Total: 15 creatures vanquished
